 Dungeon Crawl Stone Soup version 0.16.1 (webtiles) character file.

105189 Zugr the Cruncher (level 16, -14/97 HPs)
             Began as a Gargoyle Wizard on Mar 23, 2015.
             Was the Champion of Vehumet.
             Demolished by Wiglaf
             ... wielding a +1 broad axe of freezing
              (21 damage)
             ... on level 4 of the Spider Nest.
             The game lasted 06:19:34 (44332 turns).

Zugr the Cruncher (Gargoyle Wizard)                Turns: 44332, Time: 06:19:34

Health: -14/97     AC: 34    Str: 14    XL:     16   Next: 40%
Magic:  1/32       EV: 11    Int: 33    God:    Vehumet [******]
Gold:   2859       SH:  0    Dex:  6    Spells: 8 memorised, 2 levels left

rFire  . . .     SeeInvis +     J - +5 quarterstaff of Gozag's Supremacy {freeze, +Inv Int+3 Dex-5}
rCold  x . .     Clarity  .     b - +6 scale mail "Blaqoloa" {rC- MR+ Regen+ Int+4}
rNeg   + + .     SustAb   .     (no shield)
rPois  ∞         Gourm    .     f - +2 hat
rElec  +         Spirit   .     I - +1 cloak "Ebukk" {Str+3 Dex+3}
rCorr  .         Warding  +     j - +2 pair of gloves {archery}
rMut   .         Stasis   .     k - +0 pair of boots
MR     ++...                    G - amulet of warding
Stlth  ..........               t - ring of wizardry
                                s - ring of see invisible

@: flying, very resistant to hostile enchantments, extremely unstealthy
A: able to fly continuously, big wings, negative energy resistance 1,
electricity resistance, unbreathing, petrification resistance, rot immunity, AC
+11
a: Stop Flying, Renounce Religion, Evoke Invisibility


You were on level 4 of the Spider Nest.
You worshipped Vehumet.
Vehumet was exalted by your worship.
You were not hungry.

You visited 5 branches of the dungeon, and saw 28 of its levels.
You also visited: Labyrinth.

You collected 3306 gold pieces.
You spent 447 gold pieces at shops.

Inventory:

Hand weapons
 J - the +5 quarterstaff of Gozag's Supremacy (weapon) {freeze, +Inv Int+3 Dex-5}
   (You found it on level 8 of the Dungeon)

   It has been specially enchanted to freeze those struck by it, causing extra
   injury to most foes and up to half again as much damage against particularly
   susceptible opponents.
   It can also slow down cold-blooded creatures.
   It affects your intelligence (+3).
   It affects your dexterity (-5).
   It lets you turn invisible.
Armour
 b - the +6 scale mail "Blaqoloa" (worn) {rC- MR+ Regen+ Int+4}
   (You found it on level 4 of the Lair of Beasts)

   It affects your intelligence (+4).
   It makes you vulnerable to cold.
   It affects your resistance to hostile enchantments.
   It increases your rate of regeneration.
 f - a +2 hat (worn)
 j - a +2 pair of gloves of archery (worn)
 k - a +0 pair of boots (worn)
 I - the +1 cloak "Ebukk" (worn) {Str+3 Dex+3}
   (You bought it in a shop on level 8 of the Dungeon)

   It affects your strength (+3).
   It affects your dexterity (+3).
Jewellery
 c - an uncursed amulet of regeneration
 r - an uncursed ring of sustain abilities
 s - a ring of see invisible (left hand)
 t - a ring of wizardry (right hand)
 G - an amulet of warding (around neck)
 Q - an uncursed ring of magical power
 U - an uncursed amulet of the gourmand
Magical devices
 e - a wand of teleportation (0)
 l - a wand of paralysis (5)
 o - a wand of disintegration (10)
 v - a wand of magic darts (26)
 z - a wand of confusion (15)
 A - a wand of draining (5)
 C - a wand of slowing (19)
 F - a wand of fireball (6)
 M - a wand of polymorph (2)
 N - a wand of confusion (0)
 R - a wand of slowing (26)
Scrolls
 g - a scroll of vulnerability
 i - a scroll of blinking
 n - a scroll of fear
 u - a scroll of magic mapping
 y - a scroll of holy word {unknown}
 B - 8 scrolls of remove curse
 D - 2 scrolls of enchant armour
 E - 2 scrolls of immolation
 H - a scroll of summoning {unknown}
 L - a scroll of recharging
 O - a scroll of amnesia
 S - a scroll of teleportation
 V - 2 scrolls of enchant weapon
 W - 3 scrolls of fog
Potions
 h - a potion of cure mutation
 m - a potion of lignification
 p - 9 potions of curing
 q - 3 potions of ambrosia
 x - a potion of restore abilities
 K - 3 potions of invisibility
 P - a potion of mutation
 X - 2 potions of haste
 Y - a potion of resistance
 Z - a potion of might {unknown}
Books
 a - a book of Clouds

   Spells                             Type                      Level
   a - Mephitic Cloud                 Conjuration/Poison/Air       3
   b - Conjure Flame                  Conjuration/Fire             3
   c - Poisonous Cloud                Conjuration/Poison/Air       6
   d - Freezing Cloud                 Conjuration/Ice/Air          6
   e - Ring of Flames                 Charms/Fire                  7
Comestibles
 d - 4 bread rations
 w - a meat ration


   Skills:
 - Level 10.0 Fighting
 * Level 12.8 Staves
 - Level 7.6 Armour
 - Level 8.4 Dodging
 - Level 2.1 Stealth
   Level 4.0 Shields
 - Level 9.6 Spellcasting
 - Level 10.1 Conjurations
   Level 0.8 Summonings
 - Level 0.8 Translocations
 + Level 9.3 Fire Magic
 + Level 9.3 Air Magic
 * Level 8.8 Evocations


You had 2 spell levels left.
You knew the following spells:

 Your Spells              Type           Power        Failure   Level  Hunger
a - Orb of Destruction    Conj           ######....   28%         7    ######.
b - Repel Missiles        Chrm/Air       #####.       1%          2    None
c - Mephitic Cloud        Conj/Pois/Air  ######..     1%          3    None
d - Conjure Flame         Conj/Fire      ######..     1%          3    None
e - Airstrike             Air            ######....   1%          4    None
f - Conjure Ball Lightni  Conj/Air       ######....   3%          6    #####..
g - Blink                 Tloc           N/A          6%          2    None
h - Bolt of Magma         Conj/Fire/Erth ######....   3%          5    ###....


Dungeon Overview and Level Annotations

Branches:
Dungeon (11/15)            Temple (1/1) D:6            Lair (8/8) D:10
  Swamp (0/5) Lair:3       Spider (4/5) Lair:3        Slime (0/6) Lair:8
    Orc (4/4) D:11            Elf (0/3) Orc:3

Altars:
Ashenzari
Cheibriados
Elyvilon
Fedhas
Kikubaaqudgha
Makhleb
Nemelex Xobeh
Okawaru
Qazlal
Sif Muna
Trog
Vehumet
Xom
Yredelemnul
Zin
The Shining One
Beogh

Shops:
D:6 :   D:8 }=?=[   Orc:3 *   Orc:4 *[(:

Portals:
Hell: Lair:8
Trove: D:11 (give 6 potions of haste)

Annotations:
Lair:4 Stash
Lair:8 exclusion: oklob plant
Spider:4 Wiglaf


Innate Abilities, Weirdness & Mutations

You are resistant to torment.
You are immune to poison.
You can fly continuously.
Your stone body is very resilient (AC +11).
Your wings are large and strong.
You resist negative energy.
You are resistant to electric shocks.
You can survive without breathing.
You are immune to petrification.
You are immune to rotting.


Message History

Wiglaf freezes you.
You are too injured to fight recklessly!
You are too injured to fight recklessly!
Drink which item? (? for menu, Esc to quit)
You feel better.
Wiglaf is no longer moving quickly.
Wiglaf is engulfed in noxious fumes.
Wiglaf barely misses you.
Zapping:
l - a wand of paralysis (will waste charges)
Press: ? - help, Shift-Dir - straight line, f/p - Wiglaf
Aim: Wiglaf, wielding a broad axe of freezing, wearing a plate armour and wearing a shield (almost dead, slow, unusually strong, chance 1%) Wiglaf resists with almost no effort.
Evoking this partially-identified wand wasted a few charges.
Zapping:
z - a wand of confusion {zapped: 5} (will waste charges)
Press: ? - help, Shift-Dir - straight line, f/p - Wiglaf
Aim: Wiglaf, wielding a broad axe of freezing, wearing a plate armour and wearing a shield (almost dead, slow, unusually strong, chance 1%) Wiglaf resists with almost no effort.
Evoking this partially-identified wand wasted a few charges.
Wiglaf hits you with a broad axe of freezing!!!
* * * LOW HITPOINT WARNING * * *
Wiglaf freezes you!!
You die...

......†...^........^.............
......††.........................
....................^............
.................................
.............>.....(.............
.................................
.................................
...............................^.
............^..§@................
.......^......§g.................
..............§.§................
.......................^.........
.................................
.........................^......
...............................
..............................
(.........<...........^....


You could see Wiglaf.

Vanquished Creatures
  Norris (Spider:4)
  Asterion (Spider:4)
  Donald (Orc:3)
  Aizul (Spider:4)
  An orc warlord (Orc:4)
  Gastronok (Orc:3)
  2 ghost moths
  Snorg (Orc:2)
  Josephine (Orc:3)
  A minotaur (Lab)
  Fannar (Orc:3)
  8 hydras
  A hell beast (Lair:8)
  3 death yaks (Lair:8)
  A hill giant (D:10)
  Pikel (D:7)
  An orc knight (Orc:3)
  A hornet (Spider:4)
  A faun (Lair:2)
  2 griffons
  5 orb spiders
  4 orc sorcerers (Orc:4)
  A wizard (Lair:8)
  The ghost of McCoppin the Covert, an experienced OpFi (D:9)
  2 ugly things (D:11)
  12 wolf spiders
  20 elephants
  3 torpor snails
  4 black mambas
  16 spiny frogs
  3 centaur skeletons
  2 gargoyles (Lab)
  11 demonic crawlers
  2 fire drakes
  3 orange demons (Lair:8)
  A hellwing (Lair:8)
  8 wandering mushrooms (Lab)
  9 komodo dragons
  3 blue devils (Lair:8)
  A deep elf mage (Orc:3)
  18 jumping spiders
  3 red devils (Lair:8)
  A ball lightning (Lair:5)
  A minotaur skeleton (Lab)
  6 trolls
  19 blink frogs
  2 boulder beetles
  3 basilisks
  28 redbacks
  2 wyverns
  A spriggan (D:8)
  14 trapdoor spiders
  16 tarantellas
  A shadow (Lab)
  6 wraiths
  Grum (Orc:2)
  43 yaks
  7 hippogriffs
  8 wolves
  Edmund (D:4)
  2 wargs (Orc:1)
  22 water moccasins
  2 sky beasts
  A slave (D:7)
  A hell hound (Lair:8)
  37 orc warriors
  An ice beast (D:11)
  2 wasps
  12 porcupines
  A phantom (D:7)
  A necrophage (D:8)
  2 black bears
  8 spiders
  10 ogres
  3 centaurs
  A boring beetle (Lair:8)
  21 giant frogs
  Sigmund (D:4)
  Duvessa (D:9)
  2 big kobolds
  15 crocodiles
  Blork the orc (D:5)
  9 scorpions
  A water moccasin skeleton (D:5)
  13 killer bees
  3 wights (D:11)
  2 spriggan skeletons (Lab)
  A troll skeleton (Lab)
  7 crimson imps
  4 electric eels (D:10)
  Dowan (D:9)
  2 giant frog zombies (D:10)
  10 jellies
  2 quasits (D:10)
  4 giant frog skeletons
  26 orc priests
  10 hounds
  A gnoll shaman (D:5)
  10 iguanas
  44 orc wizards
  5 worker ants
  26 sheep
  A killer bee zombie (D:11)
  A hound zombie (D:5)
  12 gnolls
  22 adders
  31 river rats
  An adder zombie (D:8)
  An adder skeleton (D:6)
  5 giant geckos
  3 oozes
  235 orcs
  3 ball pythons
  15 bats
  A bat zombie (D:5)
  3 giant cockroaches
  22 goblins
  15 hobgoblins
  4 jackals
  3 giant gecko skeletons
  A giant newt (D:7)
  A gnoll skeleton (Orc:4)
  30 kobolds
  An orc skeleton (Orc:4)
  10 orc zombies (Orc:4)
  8 quokkas
  12 rats
  9 fungi
  3 plants
1104 creatures vanquished.

Vanquished Creatures (collateral kills)
  A wolf spider (Spider:1)
  A jumping spider (Spider:1)
2 creatures vanquished.

Vanquished Creatures (others)
  183 ball lightnings
  3 slaves (D:7)
  A black bear (D:7)
  2 orc wizards (D:7)
  An orc (D:7)
  A hobgoblin (D:7)
  An orc zombie (Orc:4)
  33 fungi
  17 plants
242 creatures vanquished.

Grand Total: 1348 creatures vanquished

Notes
Turn   | Place    | Note
--------------------------------------------------------------
     0 | D:1      | Zugr, the Gargoyle Wizard, began the quest for the Orb.
     0 | D:1      | Reached XP level 1. HP: 10/10 MP: 4/4
   502 | D:1      | Reached XP level 2. HP: 15/15 MP: 4/6
   526 | D:1      | Learned a level 2 spell: Repel Missiles
  1413 | D:1      | Reached XP level 3. HP: 19/19 MP: 5/8
  1583 | D:2      | Found an iron altar of Okawaru.
  1867 | D:2      | Found a blossoming altar of Fedhas.
  2575 | D:3      | Learned a level 3 spell: Mephitic Cloud
  2579 | D:3      | Learned a level 3 spell: Conjure Flame
  2638 | D:3      | Reached XP level 4. HP: 15/24 MP: 0/10
  3052 | D:3      | Found a bloodstained altar of Trog.
  3056 | D:3      | Found a stormy altar of Qazlal.
  3056 | D:3      | Found a glowing golden altar of the Shining One.
  3069 | D:3      | Found a shattered altar of Ashenzari.
  3081 | D:3      | Reached skill level 4 in Spellcasting
  3139 | D:3      | Found a burning altar of Makhleb.
  3251 | D:3      | Found a snail-covered altar of Cheibriados.
  3251 | D:3      | Found an iron altar of Okawaru.
  3350 | D:3      | Reached XP level 5. HP: 28/28 MP: 9/13
  3683 | D:3      | Found a deep blue altar of Sif Muna.
  4203 | D:4      | Got an ancient dagger
  4289 | D:4      | Noticed Sigmund
  4298 | D:4      | Killed Sigmund
  4298 | D:4      | Reached skill level 5 in Conjurations
  4298 | D:4      | Reached XP level 6. HP: 32/32 MP: 1/15
  4762 | D:4      | Identified the +2 dagger "Horasm" {pierce, rF- Str+3 Dex+4} (You found it on level 4 of the Dungeon)
  4785 | D:5      | Entered Level 5 of the Dungeon
  4785 | D:5      | Noticed Edmund
  5184 | D:5      | Reached skill level 5 in Spellcasting
  5286 | D:5      | Reached XP level 7. HP: 29/37 MP: 14/18
  5528 | D:5      | Reached skill level 1 in Armour
  5528 | D:5      | Reached skill level 6 in Conjurations
  5680 | D:5      | Noticed Blork the orc
  5698 | D:5      | Killed Blork the orc
  5698 | D:5      | Reached skill level 1 in Fighting
  5698 | D:5      | Reached skill level 1 in Shields
  5698 | D:5      | Reached skill level 1 in Fire Magic
  6140 | D:5      | Found a sparkling altar of Nemelex Xobeh.
  6220 | D:5      | Reached XP level 8. HP: 44/44 MP: 1/20
  6555 | D:5      | Found an ancient bone altar of Kikubaaqudgha.
  6853 | D:6      | Found a deep blue altar of Sif Muna.
  7294 | D:6      | Found Ghaijept's Book Emporium.
  7349 | D:6      | Found a staircase to the Ecumenical Temple.
  7355 | Temple   | Entered the Ecumenical Temple
  7370 | Temple   | Became a worshipper of Vehumet
  7474 | D:6      | Reached skill level 7 in Conjurations
  7726 | D:6      | Found a basalt altar of Yredelemnul.
  8162 | D:4      | Killed Edmund
  8162 | D:4      | Reached XP level 9. HP: 49/52 MP: 0/22
  8495 | D:7      | Acquired Vehumet's first power
  8495 | D:7      | Offered knowledge of Flame Tongue by Vehumet.
  8757 | D:7      | Found a shimmering altar of Xom.
  9107 | D:7      | Noticed Pikel
  9120 | D:7      | Killed Pikel
  9288 | D:7      | Reached skill level 5 in Fighting
  9523 | D:7      | Reached skill level 8 in Conjurations
  9748 | D:8      | Found Deos' Gadget Emporium.
  9779 | D:8      | Reached skill level 5 in Fire Magic
  9945 | D:8      | Found Umur Ice's Antique Armour Shoppe.
  9950 | D:8      | Bought an encrusted cloak for 237 gold pieces
  9957 | D:8      | Identified the +1 cloak "Ebukk" {Str+3 Dex+3} (You bought it in a shop on level 8 of the Dungeon)
  9964 | D:8      | Got a jewelled quarterstaff
  9970 | D:8      | Identified the +5 quarterstaff of Gozag's Supremacy {freeze, +Inv Int+3 Dex-5} (You found it on level 8 of the Dungeon)
  9988 | D:8      | Found Kuatrat's Magic Scroll Shoppe.
 10029 | D:8      | Offered knowledge of Shock by Vehumet.
 10029 | D:8      | Reached XP level 10. HP: 53/60 MP: 13/25
 10156 | D:8      | Reached skill level 1 in Staves
 10201 | D:8      | Found Pro Fyuc's Jewellery Emporium.
 10220 | D:8      | Found Tusehel's Jewellery Boutique.
 10248 | D:8      | Bought an uncursed ring of see invisible for 210 gold pieces
 10268 | D:8      | Reached skill level 1 in Air Magic
 10537 | D:8      | Got a twisted leather armour
 10548 | D:8      | Identified the +6 leather armour of Impatience {rC- rN+ Int+4} (You found it on level 8 of the Dungeon)
 10624 | D:8      | Offered knowledge of Searing Ray by Vehumet.
 11175 | D:9      | Noticed McCoppin's ghost (experienced OpFi)
 11286 | D:9      | Noticed Duvessa
 11467 | D:9      | Reached skill level 9 in Conjurations
 11669 | D:9      | Found a glowing silver altar of Zin.
 11824 | D:9      | Acquired Vehumet's second power
 12086 | D:9      | Noticed Dowan
 12142 | D:9      | Killed Duvessa
 12485 | D:9      | Found a sparkling altar of Nemelex Xobeh.
 12505 | D:9      | Killed Dowan
 12658 | D:10     | Entered Level 10 of the Dungeon
 12725 | D:10     | Offered knowledge of Fulminant Prism by Vehumet.
 13093 | D:10     | Noticed a hill giant
 13120 | D:10     | Reached XP level 11. HP: 63/67 MP: 8/26
 13376 | D:10     | Acquired Vehumet's third power
 13514 | D:10     | Killed a hill giant
 13514 | D:10     | Reached skill level 10 in Conjurations
 13876 | D:10     | Found a staircase to the Lair.
 14021 | D:10     | Offered knowledge of Airstrike by Vehumet.
 14030 | D:10     | Learned a level 4 spell: Airstrike
 14277 | Lair:1   | Entered Level 1 of the Lair of Beasts
 15065 | D:11     | Offered knowledge of Conjure Ball Lightning by Vehumet.
 15377 | D:11     | Found a staircase to the Orcish Mines.
 15566 | D:11     | Found a portal to a secret trove of treasure.
 16158 | D:10     | Learned a level 6 spell: Conjure Ball Lightning
 16169 | Lair:1   | Reached skill level 5 in Armour
 17217 | Lair:1   | Reached XP level 12. HP: 73/73 MP: 9/28
 17515 | Lair:1   | Upgraded the game from 0.16.0-18-g484a79e to 0.16.1
 17551 | Lair:2   | Reached skill level 5 in Staves
 17551 | Lair:2   | Reached skill level 5 in Air Magic
 17711 | Lair:2   | Reached skill level 1 in Evocations
 17960 | Lair:2   | Noticed a seven-headed hydra
 17964 | Lair:2   | Killed a seven-headed hydra
 17977 | Lair:2   | Noticed an eight-headed hydra
 17996 | Lair:2   | Killed an eight-headed hydra
 17996 | Lair:2   | Reached skill level 5 in Dodging
 18365 | Lair:2   | Learned a level 2 spell: Blink
 19657 | Lair:3   | Found a staircase to the Swamp.
 19810 | Lair:3   | Noticed a five-headed hydra
 19816 | Lair:3   | Killed a five-headed hydra
 20818 | Lair:3   | Found a hole to the Spider Nest.
 21184 | Lair:4   | Identified a scroll of acquirement
 21210 | Lair:4   | Found a labyrinth entrance.
 21210 | Lair:4   | Noticed a four-headed hydra
 21214 | Lair:4   | Killed a four-headed hydra
 21214 | Lair:4   | Reached XP level 13. HP: 69/79 MP: 15/29
 21227 | Lab      | Entered a labyrinth
 21902 | Lab      | Found an exit through the horrors of the Abyss.
 22885 | Lab      | Found an exit through the horrors of the Abyss.
 23323 | Lab      | Offered knowledge of Spellforged Servitor by Vehumet.
 24138 | Lab      | Noticed a minotaur
 24227 | Lab      | Killed a minotaur
 24311 | Lab      | Got a fine bone amulet
 24319 | Lab      | Identified the Incunabulum of Envenoming
 24328 | Lab      | Got a tiger eye-encrusted scale mail
 24356 | Lair:4   | Identified the +8 scale mail "Lerib" {rC+ Str-3 SInv} (You found it in a labyrinth)
 25682 | Lair:5   | You fall through a shaft for 2 floors!
 27199 | Lair:5   | Offered knowledge of Bolt of Magma by Vehumet.
 27425 | Lair:5   | Reached skill level 5 in Evocations
 27591 | Lair:5   | Learned a level 5 spell: Bolt of Magma
 28912 | D:9      | Killed McCoppin's ghost
 28912 | D:9      | Gained mutation: Your wings are large and strong. [gargoyle growth]
 28912 | D:9      | Reached XP level 14. HP: 84/84 MP: 20/31
 29070 | Lair:4   | Got a faintly humming scale mail
 29087 | Lair:4   | Identified the +6 scale mail "Blaqoloa" {rC- MR+ Regen+ Int+4} (You found it on level 4 of the Lair of Beasts)
 31532 | Lair:8   | Entered Level 8 of the Lair of Beasts
 31662 | Lair:8   | Offered knowledge of Freezing Cloud by Vehumet.
 32067 | Lair:8   | Found a staircase to the Slime Pits.
 32411 | Lair:8   | Reached skill level 10 in Staves
 32558 | Lair:8   | Found a burning altar of Makhleb.
 33768 | Lair:8   | Reached skill level 10 in Fighting
 33914 | Lair:8   | Found a gateway to Hell.
 34937 | Lair:7   | Offered knowledge of Bolt of Fire by Vehumet.
 35233 | Orc:1    | Entered Level 1 of the Orcish Mines
 35580 | Orc:1    | Found a bloodstained altar of Trog.
 36159 | Orc:2    | Offered knowledge of Poison Arrow by Vehumet.
 36211 | Orc:2    | Noticed Grum
 36232 | Orc:2    | Killed Grum
 36318 | Orc:2    | Noticed Snorg
 36329 | Orc:2    | Killed Snorg
 36329 | Orc:2    | Reached XP level 15. HP: 92/92 MP: 3/32
 36518 | Orc:3    | Found Kaanea's General Store.
 36710 | Orc:3    | Found an iron altar of Okawaru.
 36722 | Orc:3    | Noticed Fannar
 36732 | Orc:3    | Killed Fannar
 36736 | Orc:3    | Noticed Gastronok
 36738 | Orc:3    | Noticed Josephine
 36751 | Orc:3    | Found a staircase to the Elven Halls.
 36792 | Orc:3    | Offered knowledge of Orb of Destruction by Vehumet.
 36876 | Orc:3    | Learned a level 7 spell: Orb of Destruction
 36899 | Orc:3    | Killed Josephine
 36899 | Orc:3    | Reached skill level 11 in Staves
 36903 | Orc:3    | Killed Gastronok
 37167 | Orc:3    | Noticed Donald
 37171 | Orc:3    | Killed Donald
 37759 | Orc:4    | Entered Level 4 of the Orcish Mines
 37861 | Orc:4    | Found a roughly hewn altar of Beogh.
 37944 | Orc:4    | Found a roughly hewn altar of Beogh.
 37944 | Orc:4    | Found Yxostro Klea's General Store.
 37952 | Orc:4    | Offered knowledge of Glaciate by Vehumet.
 37952 | Orc:4    | Offered knowledge of Shatter by Vehumet.
 37952 | Orc:4    | Offered knowledge of Tornado by Vehumet.
 38032 | Orc:4    | Found a roughly hewn altar of Beogh.
 38508 | Orc:4    | Found Mniclurph's Antique Weapon Boutique.
 38508 | Orc:4    | Found a roughly hewn altar of Beogh.
 38512 | Orc:4    | Found Offaw's Antique Armour Shop.
 38591 | Orc:4    | Found a roughly hewn altar of Beogh.
 38594 | Orc:4    | Found Muruulys' Book Boutique.
 38984 | Orc:4    | Found a roughly hewn altar of Beogh.
 39141 | Orc:4    | Found a roughly hewn altar of Beogh.
 39219 | Orc:4    | Found a roughly hewn altar of Beogh.
 40206 | Lair:7   | Identified the amulet of Eternal Night {Spirit -Cast Int+5} (You took it off a minotaur in a labyrinth)
 40549 | Spider:1 | Entered Level 1 of the Spider Nest
 42524 | Spider:3 | Reached skill level 12 in Staves
 43090 | Spider:3 | Reached XP level 16. HP: 59/97 MP: 32/32
 43581 | Spider:4 | Noticed Aizul
 43628 | Spider:4 | Noticed Wiglaf
 43786 | Spider:4 | Noticed Asterion
 43874 | Spider:4 | Noticed Norris
 43937 | Spider:4 | Paralysed by Norris for 3 turns
 43953 | Spider:4 | Killed Norris
 43953 | Spider:4 | Killed Asterion
 44060 | Spider:4 | Killed Aizul
 44332 | Spider:4 | Demolished by Wiglaf

Action                   |  1- 3 |  4- 6 |  7- 9 | 10-12 | 13-15 | 16-18 || total
-------------------------+-------+-------+-------+-------+-------+-------++-------
Melee: Unarmed           |    19 |       |       |       |       |       ||    19
       Mace              |     7 |       |       |       |       |       ||     7
       Whip              |     5 |    16 |       |       |       |       ||    21
       Dagger            |       |    25 |   236 |       |       |       ||   261
       Quarterstaff      |       |       |     1 |   294 |  1711 |    49 ||  2055
 Cast: Magic Dart        |    90 |   105 |   343 |   428 |   203 |       ||  1169
       Repel Missiles    |     2 |       |     1 |     2 |     1 |       ||     6
       Conjure Flame     |       |     4 |    11 |    24 |     3 |       ||    42
       Mephitic Cloud    |       |     8 |    25 |    50 |   337 |     7 ||   427
       Airstrike         |       |       |       |   172 |   384 |    12 ||   568
       Conjure Ball Ligh |       |       |       |    22 |    39 |    23 ||    84
       Bolt of Magma     |       |       |       |       |    13 |       ||    13
       Blink             |       |       |       |       |    10 |     4 ||    14
 Abil: Fly               |       |       |       |       |     1 |       ||     1
Evoke: Wand              |       |       |       |       |       |     4 ||     4
       Phantom mirror    |       |       |       |       |       |     1 ||     1
  Use: Scroll            |     4 |     9 |     3 |    12 |    13 |     1 ||    42
       Potion            |       |       |     1 |     4 |     6 |     1 ||    12
 Stab: Sleeping          |     1 |     1 |     1 |       |       |       ||     3
       Confused          |       |       |     5 |     3 |    56 |     2 ||    66
  Eat: Chunk             |     4 |     1 |     3 |    12 |    39 |     6 ||    65
       Pizza             |     1 |       |       |       |     2 |       ||     3
       Meat ration       |       |     1 |     3 |     1 |     3 |       ||     8
       Bread ration      |       |     1 |       |     3 |     3 |       ||     7
       Beef jerky        |       |       |       |     2 |     5 |     1 ||     8
       Fruit             |       |       |       |     9 |     6 |     2 ||    17
       Royal jelly       |       |       |       |     1 |     2 |       ||     3
